Unix NetHack Version 5.0.0-0 post-release - last build May 31 2026 23:59:36 (970b52f25bf058293b47ddfd14a1e40e571c508c,branch:main).

Game began 2026-06-04 00:50:14, ended 2026-06-04 01:37:12.

DaveT, lawful male human Priest

                                     -----              $
      ----------        --------   ##....|          $
      |..>......########|....<.|   # |....#                            $
      |........|       #...@B..| ### |..(|####   ----------------
      |........|       #|......-#####|...|   #   |..............|   #######
      -----|----      # |......| #  #|...| $ ####|..........{...|    -----.-
           ###        # |......|##   -----      #|..............|    |([..%|
             ##       # -----|--#              ##-%.............|    |...._|
              #      ##      # ## *             %------------|---   #.^....|
              #      #       # #                #####################-------
              #      #  $    # #                    #######     ##
       -------.------#       # #                  -------------##
       |.............#  $    # #  $            $  |............#
       |............|     ---.-#                  |...........|
       |............|     |...-#      ############............| $         $
       --------------     |...|                   |...........|
                          |...|                   -------------
        $ $   $           -----                $          ?       $

DaveT the Acolyte            St:9 Dx:12 Co:15 In:9 Wi:18 Ch:15  Lawful
Dlvl:3  $:80 HP:0(34) Pw:48(48) AC:7  Xp:4 T:1788 

Latest messages:
 You finish eating the hobgoblin corpse.
 B - a cursed rusty curved sword.
 You kill the yellow mold!
 Really step onto that rust trap? [yn] (n) n
 You kill the acid blob!
 You hear some noises in the distance.
 You find a hidden passage.
 The kitten bites!
 You kill the kitten!
 You see here a kitten corpse.
 You kill the hobgoblin!
 C - a kitten corpse.
 What do you want to drop? [$a-fhik-mpqs-vzA-C or ?*] C
 You drop a kitten corpse.
 There is an open door here.
 You see here a hobgoblin corpse.
 You destroy the gnome zombie!
 You have much trouble lifting a hobgoblin corpse.  Continue? [ynq] (q) y
 You have much trouble lifting D - a hobgoblin corpse.
 You stagger under your heavy load.  Movement is very hard.
 You see here a gnome corpse.
 Really step onto that rust trap? [yn] (n) n
 What do you want to sacrifice? [D or ?*] D
 Nothing happens.
 What do you want to drop? [$a-fhik-mpqs-vzABD or ?*] D
 You drop a hobgoblin corpse.
 Your movements are now unencumbered.
 You kill the giant rat!
 Welcome to experience level 4.
 You see here a kitten corpse.
 You see here a gnome corpse.
 The giant rat bites!
 You miss the giant rat.
 The giant rat bites!
 You kill the giant rat!
 The door resists!
 The door resists!
 The door resists!
 The door opens.
 The giant bat bites!
 The giant bat bites!
 The giant bat bites!
 The giant bat bites!
 The giant bat bites!
 You hit the giant bat!
 The giant bat bites!
 The giant bat bites!
 You die...
 Do you want your possessions identified? [ynq] (y) y
 Do you want to see your attributes? [ynq] (y) q

Inventory:
 Coins    ('$')
  $ - 80 gold pieces
 Weapons  (')')
  h - 11 +0 darts
  p - a +0 orcish dagger
  a - a blessed +4 mace (weapon in right hand)
  B - a cursed rusty -1 scimitar
 Armor    ('[')
  c - a +0 small shield (being worn)
  b - a +0 robe (being worn)
 Comestibles  ('%')
  e - a clove of garlic
  m - 2 food rations
  f - a sprig of wolfsbane
 Scrolls  ('?')
  k - a scroll of enchant weapon
  u - a scroll of identify
  A - a cursed scroll of identify
  q - a scroll of light
  v - a scroll of scare monster
 Potions  ('!')
  z - a potion of blindness
  l - a cursed potion of oil
  t - a potion of restore ability
  d - 2 potions of holy water
 Tools    ('(')
  s - an oil lamp
  i - a tinning kit (0:68)

DaveT the Priest's attributes:

Background:
 You were an Acolyte, a level 4 human Priest.
 You were lawful, on a mission for Issek
 who was opposed by Mog (neutral) and Kos (chaotic).
 You were right-handed.
 You were in the Dungeons of Doom, on level 3.
 You entered the dungeon 1788 turns ago.
 It was nighttime.
 You had 83 experience points, 77 more were needed to attain level 5.

Basics:
 You had 0 out of 34 hit points.
 You had all 48 energy points (spell power).
 Your armor class was 7.
 Your wallet contained 80 zorkmids.
 Autopickup was off.

Final Characteristics:
 Your strength was 9 (limit:18/100).
 Your dexterity was 12 (limit:18).
 Your constitution was 15 (limit:18).
 Your intelligence was 9 (limit:18).
 Your wisdom was 18 (limit:18).
 Your charisma was 15 (limit:18).

Final Status:
 You weren't hungry.
 You were unencumbered.
 You were wielding a mace.
 You had basic skill with mace.

Final Attributes:
 You were devoutly aligned.
 You were guarded.
 Your spell casting was enhanced by wearing a robe.
 You are dead.

Miscellaneous:
 You didn't encounter any bones levels.
 Total elapsed playing time was 9 minutes and 47 seconds.

Major events:
 Turn
    1: DaveT the lawful human Priest entered the dungeon
  546: entered the Gnomish Mines
  948: performed his first genocide (class L)
 1395: attained the rank of Acolyte (level 3)
 1788: killed by a giant bat

Spells:
 Name                 Level Category     Fail Retention
 light                  1   clerical       0%  91%-100%
 detect food            2   divination    32%  76%-100%

Skills:
 Fighting Skills
   bare handed combat [Unskilled]
 Weapon Skills
   club               [Unskilled]
   mace               [Basic]
   morning star       [Unskilled]
   flail              [Unskilled]
   hammer             [Unskilled]
   quarterstaff       [Unskilled]
   polearms           [Unskilled]
   spear              [Unskilled]
   trident            [Unskilled]
   lance              [Unskilled]
   bow                [Unskilled]
   sling              [Unskilled]
   crossbow           [Unskilled]
   dart               [Unskilled]
   shuriken           [Unskilled]
   boomerang          [Unskilled]
   unicorn horn       [Unskilled]
 Spellcasting Skills
   healing spells     [Unskilled]
   divination spells  [Unskilled]
   clerical spells    [Basic]

Voluntary challenges:
 Character rerolling was not enabled.
 You genocided 4 types of monsters.
 You never polymorphed an object.
 You never changed form.
 You used no wishes.
Achievements:
 You entered the Gnomish Mines.
 You entered a shop.
 You attained the rank of Acolyte.

 The Dungeons of Doom: levels 1 to 4
    Level 1:
    Level 2:
       A scroll shop, a fountain, a sink, a grave.
       Stairs down to The Gnomish Mines.
    Level 3: <- You were here.
       An altar to Issek, a fountain.
       Final resting place for
          you, killed by a giant bat.
    Level 4:
       A grave.
 The Gnomish Mines:
    Level 3:


Vanquished creatures:
  a kitten
 an acid blob
  a coyote
  2 hobgoblins
  3 giant rats
  a brown mold
  a yellow mold
  a gnome zombie
  a jackal
  a fox
  a kobold
  2 goblins
  2 grid bugs
  3 lichens
  4 newts
25 creatures vanquished.

Genocided species:
 arch-liches
 master liches
 demiliches
 liches
4 species genocided.

Game over:
                       ----------
                      /          \
                     /    REST    \
                    /      IN      \
                   /     PEACE      \
                  /                  \
                  |      DaveT       |
                  |      80 Au       |
                  |   killed by a    |
                  |    giant bat     |
                  |                  |
                  |                  |
                  |       2026       |
                 *|     *  *  *      | *
        _________)/\\_//(\/(/\)/\//\/|_)_______

Goodbye DaveT the Priest...

You died in The Dungeons of Doom on dungeon level 3 with 594 points,
and 80 pieces of gold, after 1788 moves.
You were level 4 with a maximum of 34 hit points when you died.

